[Event "Titled Tuesday Blitz December 14 2021"]
[White "Dilmukhametov, Artur"]
[Black "Pershina, Elena"]
[WhiteFideId "24179922"]
[BlackFideId "24147516"]
[WhiteElo "2272"]
[BlackElo "2084"]
[Result "1/2-1/2"]
[Round "02"]
[TimeControl "180+1"]
[Date "2021.12.15"]
[WhiteClock "0:00:18"]
[BlackClock "0:00:17"]

1. e4 e5 2. Nf3 Nc6 3. d4 exd4 4. Nxd4 Bc5 5. Nxc6 dxc6 6. Qxd8+ Kxd8 7. Bc4 f6 8. Nd2 Ne7 9. Nb3 Bd6 10. Ke2 Bg4+ 11. f3 Bh5 12. Be3 b5 13. Bd3 Bf7 14. Nc5 Re8 15. Kf2 Ng6 16. Rad1 Ke7 17. Be2 Nf4 18. Nd3 Nxd3+ 19. Bxd3 a5 20. h4 a4 21. h5 Bxa2 22. g4 Be6 23. g5 a3 24. bxa3 Rxa3 25. h6 g6 26. gxf6+ Kxf6 27. f4 Be7 28. Bd4+ Kf7 29. f5 gxf5 30. exf5 Bd5 31. Rhg1 Bh4+ 32. Kf1 Rg8 33. Rxg8 Kxg8 34. Rd2 Kf7 35. Re2 Bf6 36. Bxf6 Kxf6 37. Re8 Ra1+ 38. Kf2 Rh1 39. Rf8+ Ke7 40. Rc8 Rxh6 41. Rxc7+ Kd6 42. Rg7 Rh2+ 43. Ke3 Ke5 44. Re7+ Kf6 45. Rc7 h5 46. Kd4 h4 47. Rh7 h3 48. Rh6+ Kg7 49. Rg6+ Kf7 50. Ke5 Rh1 51. Rh6 h2 52. Kd6 Kg7 53. Rh4 Kf6 54. Rh6+ Kf7 55. Rh7+ Kg8 56. Rh4 Bc4 57. Bxc4+ bxc4 58. Kxc6 c3 59. Kc5 Kf7 60. Kc4 Kf6 61. Rh5 Ke5 62. Kxc3 Kf6 63. Kc4 Ke5 64. c3 Kf6 65. Kc5 Rc1 66. Rxh2 Rxc3+ 67. Kd4 Ra3 68. Rf2 Ra4+ 69. Ke3 Rb4 70. Rf4 Rxf4 71. Kxf4 Kf7 72. Kg4 Kf6 73. Kf4 Kf7 74. Kg5 Kg7 75. f6+ Kf7 76. Kf5 Kf8 77. Kg5 Kf7 78. Kf5 Kf8 79. Ke4 Kf7 80. Ke5 Kf8 81. Ke6 Ke8 82. Kf5 Kf7 83. Kg5 Kf8 84. Kg6 Kg8 85. Kh6 Kf7 86. Kg5 Kf8 87. Kf4 Kf7 88. Kg5 1/2-1/2


[Site "https://www.chess.com"]

[Event "Titled Tuesday Blitz December 14 2021"]
[White "Dounis, Alexandros"]
[Black "Dylag, Emilia"]
[WhiteFideId "4213238"]
[BlackFideId "21805172"]
[WhiteElo "2195"]
[BlackElo "1863"]
[Result "0-1"]
[Round "02"]
[TimeControl "180+1"]
[Date "2021.12.15"]
[WhiteClock "0:00:11"]
[BlackClock "0:00:09"]

1. Nf3 Nf6 2. g3 e6 3. Bg2 d5 4. O-O Be7 5. d4 O-O 6. c4 dxc4 7. Ne5 Nc6 8. Nxc6 bxc6 9. Na3 Rb8 10. Nxc4 c5 11. Na5 Qe8 12. Nc6 Rb6 13. Nxe7+ Qxe7 14. dxc5 Rb5 15. Qa4 a6 16. b4 Bd7 17. Qxa6 Rfb8 18. a3 Nd5 19. Bd2 Qe8 20. e4 Ra8 21. Qxa8 Qxa8 22. exd5 exd5 23. Rfd1 c6 24. a4 Rb8 25. Bc3 Rc8 26. Bd4 Qb7 27. Rab1 Ra8 28. a5 Bf5 29. Rb2 Qb5 30. Bf1 Qa4 31. Re1 h6 32. h4 Kh7 33. Re7 Be6 34. a6 Qd1 35. Bc3 Qc1 36. Bd4 Bh3 37. Kh2 Qxf1 38. f4 Rxa6 39. Rbe2 Ra1 40. Bxa1 Qxa1 41. Kxh3 Qh1+ 42. Kg4 Qd1 43. Kf3 d4 44. Kf2 d3 45. Re1 Qd2+ 46. Kf3 Qxb4 47. Rd7 Qxe1 48. Rxd3 Qb4 49. Ke3 Qxc5+ 50. Kf3 Qc4 51. Re3 c5 52. Re2 Qd4 53. h5 c4 54. Re4 Qd3+ 55. Re3 Qd1+ 56. Ke4 Qc2+ 57. Kd4 c3 58. Rxc3 Qb2 59. Kd3 Qb7 60. Kd4 Qb6+ 61. Ke4 Qb5 62. Re3 Qxh5 63. Rd3 Qg4 64. Rf3 f5+ 65. Ke3 h5 66. Kf2 h4 67. gxh4 Qxh4+ 68. Ke3 Qe7+ 69. Kf2 g6 70. Rh3+ Kg7 71. Re3 Qc5 72. Kf3 Kf6 73. Rd3 g5 74. fxg5+ Kxg5 75. Rd2 Qc3+ 76. Ke2 Kg4 77. Rd3 Qxd3+ 78. Kxd3 Kg3 79. Ke2 f4 80. Kf1 Kf3 81. Kg1 Ke2 82. Kg2 f3+ 83. Kg3 f2 84. Kh2 f1=Q 85. Kg3 Qf3+ 86. Kh2 Qg4 87. Kh1 Kf2 0-1


[Site "https://www.chess.com"]

[Event "Titled Tuesday Blitz December 14 2021"]
[White "Dubov, Daniil"]
[Black "Nazaretyan, Tigran"]
[WhiteFideId "24126055"]
[BlackFideId "24162345"]
[WhiteElo "2749"]
[BlackElo "2192"]
[Result "1-0"]
[Round "02"]
[TimeControl "180+1"]
[Date "2021.12.14"]
[WhiteClock "0:01:47"]
[BlackClock "0:00:39"]

1. e4 c5 2. Nf3 Nc6 3. Bb5 g6 4. O-O Bg7 5. c3 Nf6 6. Re1 O-O 7. d4 d5 8. e5 Ne4 9. Bxc6 bxc6 10. Be3 cxd4 11. cxd4 a5 12. Nfd2 Nxd2 13. Qxd2 a4 14. Nc3 Qb6 15. h4 f6 16. h5 g5 17. h6 Bxh6 18. Rac1 Bg4 19. f3 Bf5 20. Ne2 Rfb8 21. Ng3 Bg6 22. Re2 Ra6 23. Rf1 Qb4 24. Qd1 fxe5 25. dxe5 Qh4 26. Bf2 Qf4 27. Rfe1 e6 28. Nf1 Ra5 29. Be3 Qh4 30. Nh2 Bf5 31. g4 Bg6 32. Kg2 Rab5 33. Bf2 Rxb2 34. Bxh4 gxh4 35. Qxa4 Bd3 36. Rxb2 Rxb2+ 37. Kh3 Bf4 38. Qxf4 1-0


[Site "https://www.chess.com"]

[Event "Titled Tuesday Blitz December 14 2021"]
[White "Ezat, Mohamed"]
[Black "Durarbayli, Vasif"]
[WhiteFideId "10600906"]
[BlackFideId "13402935"]
[WhiteElo "2400"]
[BlackElo "2599"]
[Result "0-1"]
[Round "02"]
[TimeControl "180+1"]
[Date "2021.12.14"]
[WhiteClock "0:00:10"]
[BlackClock "0:00:18"]

1. d4 Nf6 2. Nf3 c5 3. e3 d5 4. Bd3 Nc6 5. O-O cxd4 6. exd4 Bg4 7. c3 e6 8. Nbd2 Bd6 9. h3 Bh5 10. Re1 Qc7 11. a3 g5 12. Nf1 g4 13. hxg4 Nxg4 14. Bb5 O-O-O 15. Bxc6 bxc6 16. Ne5 Rdg8 17. Ng3 Nxe5 18. Nxh5 Ng6 19. Nf6 Nh4 20. g4 Rg6 21. g5 Bf4 22. Qh5 Rxg5+ 23. Qxg5 Bxg5 24. Bxg5 Nf3+ 25. Kf1 Nxg5 26. Re3 h5 27. Ke2 h4 28. Rg1 Ne4 29. Rh1 Nxf6 30. Reh3 Nh5 31. Rf3 Nf4+ 32. Kf1 Ng6 33. Rf6 Qe7 34. Rf3 Qg5 35. Rg1 Qc1+ 36. Kg2 h3+ 37. Kh2 Qxb2 38. Rxf7 Nh4 39. Rgg7 Nf5 40. Rc7+ Kb8 41. Rb7+ Qxb7 42. Rxb7+ Kxb7 0-1


[Site "https://www.chess.com"]

[Event "Titled Tuesday Blitz December 14 2021"]
[White "Faizrakhmanov, Ramil"]
[Black "Radovic, Janko"]
[WhiteFideId "24103209"]
[BlackFideId "911518"]
[WhiteElo "2396"]
[BlackElo "2293"]
[Result "0-1"]
[Round "02"]
[TimeControl "180+1"]
[Date "2021.12.15"]
[WhiteClock "0:00:14"]
[BlackClock "0:00:11"]

1. e4 c5 2. Nf3 d6 3. d4 cxd4 4. Nxd4 Nf6 5. Nc3 a6 6. Bg5 Nbd7 7. f4 Qc7 8. Qe2 g6 9. O-O-O Bg7 10. Nf3 e5 11. fxe5 dxe5 12. Qc4 Qb6 13. Qb3 Qc7 14. Bc4 O-O 15. Nd5 Nxd5 16. Bxd5 Nb6 17. Rhf1 Nxd5 18. Qxd5 Be6 19. Qd6 Qa5 20. a3 Rfc8 21. Kb1 Rc6 22. Qd2 Qc7 23. Bh6 Rc8 24. c3 Qb6 25. Bxg7 Kxg7 26. Nxe5 Rxc3 27. Nd7 Qb3 28. Qd4+ Kh6 29. Qd2+ Re3 30. Qxe3+ Qxe3 31. Nf6 Qb3 32. Nd5 Bxd5 33. exd5 Qc2+ 34. Ka1 Qb3 35. d6 Rc2 36. Rb1 Rd2 37. Rf3 Qd5 38. Rh3+ Kg7 0-1


[Site "https://www.chess.com"]

[Event "Titled Tuesday Blitz December 14 2021"]
[White "Gabrielian, Artur"]
[Black "Altman, Joshua"]
[WhiteFideId "4131002"]
[BlackFideId "426210"]
[WhiteElo "2440"]
[BlackElo "1945"]
[Result "1-0"]
[Round "02"]
[TimeControl "180+1"]
[Date "2021.12.15"]
[WhiteClock "0:00:35"]
[BlackClock "0:00:02"]

1. e4 e6 2. d3 d5 3. Qe2 Be7 4. Nf3 c5 5. g3 Nf6 6. Bg2 Nc6 7. O-O Qc7 8. e5 Nd7 9. Re1 b6 10. c4 d4 11. a3 Bb7 12. h4 h6 13. h5 O-O-O 14. Nbd2 a5 15. Rb1 Rdg8 16. Nf1 g6 17. hxg6 fxg6 18. Bh3 Nd8 19. b4 g5 20. Bg2 g4 21. N3d2 Bxg2 22. Kxg2 axb4 23. axb4 h5 24. bxc5 Nxc5 25. Ne4 h4 26. Bf4 Qc6 27. Kg1 hxg3 28. Nfxg3 Rh3 29. Nxc5 Bxc5 30. Qe4 Rgh8 31. Ra1 Qxe4 32. Rxe4 Kb7 33. Ree1 Nc6 34. Rad1 Ne7 35. Ne4 Nf5 36. Bg3 Be7 37. Rb1 Nxg3 38. Nxg3 Bh4 39. Ne4 Be7 40. Ng3 Bh4 41. Ne4 Be7 42. Red1 Rh1+ 43. Kg2 R8h2+ 44. Kg3 Bh4+ 45. Kxg4 Rxd1 46. Rxd1 Bxf2 47. Rf1 Be3 48. Rf6 Rg2+ 49. Kf3 Rg1 50. Rxe6 Rd1 51. Ke2 Ra1 52. Nd6+ Ka6 53. Nb5 Ra2+ 54. Kf3 Rf2+ 55. Kg4 Ka5 56. Rd6 Rd2 57. Nxd4 Bxd4 58. Rxd4 Kb4 59. Rd5 Kc3 60. e6 Re2 61. Kf5 Re1 62. Kf6 b5 1-0


[Site "https://www.chess.com"]

[Event "Titled Tuesday Blitz December 14 2021"]
[White "Ghazarian, Kirk"]
[Black "Svane, Rasmus"]
[WhiteFideId "30908604"]
[BlackFideId "4657101"]
[WhiteElo "2003"]
[BlackElo "2643"]
[Result "0-1"]
[Round "02"]
[TimeControl "180+1"]
[Date "2021.12.14"]
[WhiteClock "0:00:06"]
[BlackClock "0:00:17"]

1. d4 Nf6 2. Nc3 d5 3. Bf4 c5 4. e3 cxd4 5. exd4 a6 6. Nf3 Nc6 7. Bd3 Bg4 8. Be3 Qb6 9. Ne2 Bxf3 10. gxf3 Nb4 11. O-O g6 12. c4 Nxd3 13. Qxd3 dxc4 14. Qxc4 Bg7 15. Qa4+ Qb5 16. Qxb5+ axb5 17. Rfc1 b6 18. Rc6 Nd5 19. Nc3 Kd7 20. Rxg6 hxg6 21. Nxd5 Kd6 22. Nxb6 Ra6 23. d5 Bxb2 24. Rb1 Rxa2 25. Bf4+ e5 26. dxe6+ Kxe6 27. Re1+ Kf5 28. Re4 Rh4 29. Nd5 Ra4 30. Re2 Bd4 31. Bg3 Rh8 32. Ne7+ Kf6 33. Nc6 Bc3 34. Re3 Rc4 35. Rxc3 Rxc3 36. Be5+ Kg5 37. Bxc3 Rc8 38. Bd2+ Kh5 39. Nd4 Rd8 40. Be3 b4 41. Kg2 Rb8 42. Nb3 Rd8 43. Bc5 Rd3 44. Nd4 b3 45. Nxb3 Rxb3 46. Be3 Rb5 47. f4 Rb3 48. Kg3 Kh6 49. h3 Kh5 50. Kg2 Rb1 51. Kg3 Rg1+ 52. Kh2 Rd1 53. Kg3 Rd5 54. Kg2 Kh4 55. Bb6 Rf5 56. Be3 Kh5 57. Bd2 Kh6 58. Be3 Kg7 59. Kg3 Kf6 60. Kg4 Ke6 61. Kg3 Kd5 62. Kg4 Ke4 63. Kg3 Kd3 64. Kg4 Ke2 65. Kg3 Kf1 66. Kf3 Kg1 67. Kg3 Kh1 68. Bd2 Kg1 69. Be3 Kf1 70. Bd4 Rh5 71. Be3 f5 72. Bd4 Ke2 73. Be3 Rh8 74. Bd4 Re8 75. Bc5 Re4 76. Bd6 Rc4 77. Bb8 Rc1 78. Ba7 Rg1+ 79. Kh2 Ra1 80. Bd4 Rd1 81. Be3 Kf3 82. Bc5 Rc1 83. Be3 Rf1 84. Bc5 Rxf2+ 85. Bxf2 Kxf2 86. h4 Kf3 87. Kh3 Kxf4 88. h5 gxh5 89. Kh4 Ke3 90. Kxh5 f4 91. Kg5 0-1


[Site "https://www.chess.com"]

[Event "Titled Tuesday Blitz December 14 2021"]
[White "Goltseva, Ekaterina"]
[Black "Belous, Vladimir"]
[WhiteFideId "24173770"]
[BlackFideId "4174003"]
[WhiteElo "2163"]
[BlackElo "2510"]
[Result "0-1"]
[Round "02"]
[TimeControl "180+1"]
[Date "2021.12.14"]
[WhiteClock "0:00:01"]
[BlackClock "0:00:14"]

1. d4 Nf6 2. c4 g6 3. Nc3 Bg7 4. e4 O-O 5. Nge2 d6 6. Ng3 Nc6 7. d5 Ne5 8. f4 Ned7 9. Be2 e6 10. O-O exd5 11. cxd5 Re8 12. Bf3 h5 13. Be3 b5 14. a3 Nb6 15. Bd4 h4 16. Nge2 Bd7 17. h3 c5 18. dxc6 Bxc6 19. e5 Bxf3 20. Rxf3 dxe5 21. Bxe5 Nc4 22. Nxb5 Qb6+ 23. Nbd4 Nxe5 24. fxe5 Rxe5 25. Kh1 Rd8 26. Qb3 Qxb3 27. Rxb3 Rde8 28. Ng1 Ne4 29. Ngf3 Rd5 30. Nc6 g5 31. Rb7 Ng3+ 32. Kh2 Bf6 33. Rc1 Rd3 34. Rxa7 Rxf3 35. gxf3 Re2+ 36. Kg1 Rxb2 37. Ra8+ Kg7 38. Ra6 Ne2+ 39. Kf1 Nxc1 40. Nb4 Nb3 41. Nd3 Ra2 0-1


[Site "https://www.chess.com"]

[Event "Titled Tuesday Blitz December 14 2021"]
[White "Golubev, Mikhail"]
[Black "Bluebaum, Matthias"]
[WhiteFideId "14100983"]
[BlackFideId "24651516"]
[WhiteElo "2374"]
[BlackElo "2609"]
[Result "1/2-1/2"]
[Round "02"]
[TimeControl "180+1"]
[Date "2021.12.14"]
[WhiteClock "0:00:29"]
[BlackClock "0:00:23"]

1. e4 e6 2. d4 d5 3. Nc3 Nf6 4. Bg5 h6 5. Bxf6 Qxf6 6. exd5 Bb4 7. Qd2 exd5 8. O-O-O c6 9. Nf3 O-O 10. Kb1 Bg4 11. Nxd5 cxd5 12. Qxb4 Bxf3 13. gxf3 Nc6 14. Qc3 Rfe8 15. Bb5 Rac8 16. Rde1 Rxe1+ 17. Rxe1 Qxd4 18. Bxc6 Qxc3 19. bxc3 Rxc6 20. Re7 Rb6+ 21. Kc1 g5 22. Kd2 Kg7 23. Rd7 Rf6 24. Ke2 Ra6 25. Rxb7 Rxa2 26. Kd3 Ra1 27. Rd7 a5 28. Rxd5 a4 29. Ra5 a3 30. c4 Kf6 31. Kc3 h5 32. c5 Ke6 33. c6 Rf1 34. Rxa3 Kd6 35. Ra5 f6 36. Rf5 Kxc6 37. Rxf6+ Kd7 38. Rf5 Rxf2 39. Rxg5 Rxh2 40. f4 h4 41. Rh5 h3 42. Rh6 Rh1 43. Kb2 Ke7 44. c4 Kd7 45. c5 Kc7 46. f5 Rf1 47. Rxh3 Rxf5 48. Rc3 Kc6 49. Rc4 Rf3 50. Rc3 Rf2+ 51. Rc2 Rf1 52. Rc1 Rf2+ 53. Rc2 Rf4 54. Rc3 Rf8 55. Rc2 Rg8 56. Rc3 Rb8+ 57. Kc2 Rh8 58. Rc4 Rh3 59. Rc3 Rxc3+ 60. Kxc3 Kxc5 1/2-1/2


[Site "https://www.chess.com"]

[Event "Titled Tuesday Blitz December 14 2021"]
[White "Grigoriants, Sergey"]
[Black "Shapiro, David"]
[WhiteFideId "4130804"]
[BlackFideId "24133523"]
[WhiteElo "2502"]
[BlackElo "2320"]
[Result "1-0"]
[Round "02"]
[TimeControl "180+1"]
[Date "2021.12.14"]
[WhiteClock "0:00:16"]
[BlackClock "0:00:08"]

1. e4 e5 2. Nf3 Nf6 3. Nxe5 d6 4. Nd3 Nxe4 5. Qe2 Qe7 6. Nf4 Nc6 7. Nd5 Nd4 8. Nxe7 Nxe2 9. Nd5 Nd4 10. d3 Nf6 11. Nxf6+ gxf6 12. Na3 d5 13. Be3 Bb4+ 14. Kd1 Bg4+ 15. Kc1 Nf5 16. Bf4 O-O-O 17. c3 Bd6 18. Bxd6 Nxd6 19. Nc2 Rhe8 20. h3 Bf5 21. Kd2 c5 22. Re1 Rxe1 23. Nxe1 d4 24. c4 Bd7 25. g3 Bc6 26. Bg2 Kc7 27. Bxc6 Kxc6 28. Ng2 Re8 29. Nf4 Re5 30. Rb1 a5 31. b3 Ne8 32. a3 Nc7 33. b4 axb4 34. axb4 b6 35. bxc5 bxc5 36. Rb8 Re8 37. Rxe8 Nxe8 38. Nd5 Kd6 39. Ke2 Ke5 40. Nb6 Kd6 41. Kf3 Nc7 42. Kf4 Kc6 43. Na4 Kd6 44. Kf5 Ne8 45. h4 h5 46. g4 hxg4 47. Kxg4 Ke6 48. Nxc5+ 1-0


[Site "https://www.chess.com"]

[Event "Titled Tuesday Blitz December 14 2021"]
[White "Hamley, Ryan"]
[Black "Zierk, Steven"]
[WhiteFideId "30959497"]
[BlackFideId "2034255"]
[WhiteElo "2565"]
[BlackElo "2494"]
[Result "0-1"]
[Round "02"]
[TimeControl "180+1"]
[Date "2021.12.14"]
[WhiteClock "0:00:10"]
[BlackClock "0:00:36"]

1. d4 d5 2. c4 dxc4 3. e3 e6 4. Bxc4 Nf6 5. Nf3 c5 6. O-O a6 7. dxc5 Qxd1 8. Rxd1 Bxc5 9. b3 O-O 10. Bb2 Nbd7 11. Nc3 b5 12. Be2 Bb7 13. Nd4 Rac8 14. Rac1 Rfd8 15. Bf3 Bxf3 16. Nxf3 Be7 17. Kf1 Nc5 18. Ke2 Kf8 19. Ne5 Ke8 20. h3 Rxd1 21. Rxd1 Nce4 22. Nxe4 Nxe4 23. Rd3 Bf6 24. Bd4 Rc2+ 25. Kf3 Bxe5 26. Bxe5 f5 27. Bg3 e5 28. Bh4 g5 29. Rd5 Kf7 30. g4 Ke6 31. Rd8 gxh4 32. gxf5+ Kxf5 33. Rf8+ Nf6 34. e4+ Kg6 0-1


[Site "https://www.chess.com"]

[Event "Titled Tuesday Blitz December 14 2021"]
[White "Harshavardhan G B"]
[Black "Chigaev, Maksim"]
[WhiteFideId "25059009"]
[BlackFideId "4108116"]
[WhiteElo "1825"]
[BlackElo "2546"]
[Result "0-1"]
[Round "02"]
[TimeControl "180+1"]
[Date "2021.12.14"]
[WhiteClock "0:00:18"]
[BlackClock "0:00:11"]

1. Nf3 Nf6 2. c4 e6 3. g3 d5 4. Bg2 Be7 5. O-O O-O 6. b3 b6 7. Bb2 Bb7 8. e3 c5 9. Re1 Qc8 10. Nc3 Rd8 11. cxd5 Nxd5 12. Nxd5 Bxd5 13. d4 Nd7 14. Rc1 Bb7 15. e4 Nf6 16. Nh4 Qd7 17. e5 Nd5 18. Qg4 cxd4 19. Be4 Rac8 20. Bxd4 Rxc1 21. Rxc1 Nb4 22. Be3 Bxe4 23. Qxe4 Nxa2 24. Rc4 b5 25. Rd4 Qc8 26. Rxd8+ Qxd8 27. Nf3 a5 28. Qb7 Nc3 29. Nd4 Bc5 30. Nxe6 fxe6 31. Bxc5 Qd1+ 32. Kg2 Qd5+ 33. Qxd5 Nxd5 34. Kf3 a4 35. bxa4 bxa4 36. Ke4 h5 37. f4 g6 38. Kd4 Kf7 39. Kc4 h4 40. Bd4 h3 41. Kb5 a3 42. Ka4 g5 43. fxg5 Kg6 44. Kxa3 Kxg5 45. Ka4 Kg4 46. Kb5 Kf3 47. Kc6 Kg2 48. Kd6 Kxh2 49. Kxe6 Kxg3 50. Kxd5 h2 51. e6 h1=Q+ 52. Kd6 Qb7 53. e7 Qb5 54. Ke6 Qe8 55. Be5+ Kg4 56. Kd6 Kf3 57. Ke6 Ke4 58. Bd6 Kd4 59. Ba3 Kc4 60. Ke5 Kb5 61. Kd6 Kb6 62. Bc5+ Kb7 63. Ba3 Kc8 64. Ke6 Kc7 65. Bd6+ Kc6 66. Be5 Qg8+ 67. Kf6 Kd7 68. Bd6 Qe6+ 69. Kg7 Kxd6 70. Kh8 Qxe7 71. Kg8 Ke6 72. Kh8 Kf6 73. Kg8 Qg7# 0-1


[Site "https://www.chess.com"]

[Event "Titled Tuesday Blitz December 14 2021"]
[White "Holt, Conrad"]
[Black "Toropov, Pavel"]
[WhiteFideId "2034387"]
[BlackFideId "24129178"]
[WhiteElo "2586"]
[BlackElo "2333"]
[Result "1-0"]
[Round "02"]
[TimeControl "180+1"]
[Date "2021.12.14"]
[WhiteClock "0:02:25"]
[BlackClock "0:02:02"]

1. d4 d5 2. c4 c6 3. Nc3 Nf6 4. e3 g6 5. Be2 Bg7 6. Nf3 Bg4 7. O-O Bxf3 8. Bxf3 O-O 9. Qb3 Qb6 10. Qxb6 axb6 11. cxd5 cxd5 12. Nxd5 Nxd5 13. Bxd5 Nc6 14. Bd2 Rfd8 15. Bf3 e5 16. d5 Ne7 17. e4 Nc8 18. Bg5 f6 19. Be3 Bf8 20. Rfc1 Bd6 21. Bg4 Ne7 22. Be6+ Kh8 23. Bxb6 Rf8 24. a4 f5 25. Bc7 Ra6 26. Bxd6 Rxd6 27. Rc7 Ng8 28. exf5 gxf5 29. Rxb7 Nf6 30. a5 Nxd5 31. Bxd5 Rxd5 32. a6 Ra8 33. a7 Rdd8 34. h4 h5 35. Ra6 Rd4 36. Rb8+ 1-0


[Site "https://www.chess.com"]

[Event "Titled Tuesday Blitz December 14 2021"]
[White "Horobetz, Graham"]
[Black "Vachier-Lagrave, Maxime"]
[WhiteFideId "2047322"]
[BlackFideId "623539"]
[WhiteElo "2627"]
[BlackElo "2787"]
[Result "0-1"]
[Round "02"]
[TimeControl "180+1"]
[Date "2021.12.14"]
[WhiteClock "0:00:12"]
[BlackClock "0:01:17"]

1. e4 c5 2. Nf3 d6 3. d4 cxd4 4. Nxd4 Nf6 5. Nc3 a6 6. Be3 e5 7. Nb3 Be7 8. f3 Be6 9. Qd2 Nbd7 10. O-O-O h5 11. h3 b5 12. Kb1 Rc8 13. a3 h4 14. f4 O-O 15. f5 Bc4 16. g4 hxg3 17. Qg2 Nh5 18. Be2 Ndf6 19. Bg4 Nf4 20. Qf3 Bxb3 21. cxb3 Rxc3 22. bxc3 Qa5 23. Bxf4 exf4 24. b4 Qxa3 25. Rd2 Rc8 26. Rc1 Qb3+ 27. Rb2 Qc4 28. Qxf4 Nxe4 29. Qe3 Bg5 0-1


[Site "https://www.chess.com"]

[Event "Titled Tuesday Blitz December 14 2021"]
[White "Ibarra Jerez, Jose Carlos"]
[Black "Kim, Sergey"]
[WhiteFideId "2226332"]
[BlackFideId "13700570"]
[WhiteElo "2626"]
[BlackElo "2555"]
[Result "1-0"]
[Round "02"]
[TimeControl "180+1"]
[Date "2021.12.14"]
[WhiteClock "0:00:25"]
[BlackClock "0:00:26"]

1. e4 e5 2. Nf3 Nc6 3. d4 exd4 4. Nxd4 Bc5 5. Nb3 Bb6 6. Qe2 d6 7. Nc3 Nf6 8. Be3 Be6 9. O-O-O Qe7 10. g3 O-O-O 11. Bg2 Rhe8 12. Bxb6 axb6 13. Rhe1 Kb8 14. h3 Qd7 15. Qf1 Na5 16. Nxa5 bxa5 17. e5 Ng8 18. exd6 cxd6 19. Kb1 Nf6 20. f4 Qc7 21. Rd4 Bd7 22. Red1 Bc8 23. g4 Qc5 24. g5 Ng8 25. Ne4 Qb6 26. Nxd6 Rf8 27. f5 Ne7 28. Qf4 Ka7 29. a4 Nc6 30. Nb5+ Ka8 31. Bxc6 Rxd4 32. Rxd4 bxc6 33. Qd6 Re8 34. Nc7+ 1-0


[Site "https://www.chess.com"]

[Event "Titled Tuesday Blitz December 14 2021"]
[White "Ibrahimli, Murad"]
[Black "Mitusov, Semen"]
[WhiteFideId "13410229"]
[BlackFideId "14151049"]
[WhiteElo "2109"]
[BlackElo "2246"]
[Result "1-0"]
[Round "02"]
[TimeControl "180+1"]
[Date "2021.12.14"]
[WhiteClock "0:00:06"]
[BlackClock "0:00:06"]

1. d4 d5 2. c4 dxc4 3. Nf3 Nf6 4. e3 Bg4 5. Bxc4 e6 6. Qb3 Bxf3 7. gxf3 Nbd7 8. Nc3 Nb6 9. Bb5+ c6 10. Be2 Be7 11. Bd2 O-O 12. O-O Qc7 13. Kh1 Rad8 14. Rad1 e5 15. dxe5 Qxe5 16. Qc2 Qh5 17. Rg1 Qh4 18. Rg2 Nh5 19. Rdg1 Rd6 20. Ne4 Rg6 21. Ng3 Nxg3+ 22. fxg3 Qf6 23. e4 Rd8 24. Bc3 Qd6 25. Rd1 Qc7 26. Rxd8+ Qxd8 27. a4 Nd7 28. Bc4 Bf6 29. Rd2 Bxc3 30. Qxc3 Qe7 31. Qd4 Nf8 32. Qxa7 Rf6 33. Kg2 h5 34. Qe3 h4 35. e5 Rg6 36. f4 Qb4 37. b3 b5 38. axb5 cxb5 39. Bd5 Ra6 40. f5 Qa3 41. gxh4 Qe7 42. Qg3 Qb4 43. Rd3 Rh6 44. e6 fxe6 45. fxe6 Qe7 46. Kh1 Rg6 47. Qf4 Rf6 48. Qg4 Kh8 49. Qh5+ Nh7 50. Rc3 Rf1+ 51. Kg2 Rf8 52. Qg4 Qf6 53. Rf3 Qb2+ 54. Kh3 Re8 55. e7 Qe5 56. Qd7 Qxe7 57. Qxe7 Rxe7 58. Bc6 Nf6 59. Bxb5 Rb7 60. Bc4 Kh7 61. Rf5 Kg6 62. Rg5+ Kh6 63. Kg2 Re7 64. Rf5 Re4 65. Kg3 Re3+ 66. Kf4 Re4+ 67. Kg3 Rg4+ 68. Kh3 Re4 69. Rf3 Rd4 70. Rg3 Re4 71. Bd3 Rb4 72. Rg6+ Kh5 73. Rxg7 Rxh4+ 74. Kg3 Rb4 75. Bc4 Ne4+ 76. Kf4 Nd2 77. Rc7 Nxb3 78. Kf5 Nd2 79. Rh7# 1-0


[Site "https://www.chess.com"]

[Event "Titled Tuesday Blitz December 14 2021"]
[White "Jakubowski, Krzysztof"]
[Black "Dobrov, Vladimir"]
[WhiteFideId "1112848"]
[BlackFideId "4136594"]
[WhiteElo "2373"]
[BlackElo "2614"]
[Result "0-1"]
[Round "02"]
[TimeControl "180+1"]
[Date "2021.12.15"]
[WhiteClock "0:00:01"]
[BlackClock "0:00:17"]

1. e4 c5 2. Nf3 Nc6 3. d4 cxd4 4. Nxd4 Qb6 5. Nb3 Nf6 6. Nc3 e6 7. Qe2 Bb4 8. Bd2 a5 9. a3 Bxc3 10. Bxc3 e5 11. O-O-O O-O 12. f3 Rd8 13. Rd6 Ne8 14. Rd5 d6 15. Nd2 Be6 16. Nc4 Qc7 17. Ne3 Nf6 18. Rd2 Nb4 19. Kb1 Na2 20. Nd1 b5 21. Rd3 b4 22. Be1 Rab8 23. a4 d5 24. b3 Nc3+ 25. Nxc3 bxc3 26. Rxc3 Qd7 27. Bg3 d4 28. Rd3 Qxa4 29. Bxe5 Rb4 30. Kb2 Qc6 31. Bxf6 gxf6 32. Qd2 Qb6 33. Be2 a4 34. Ra1 axb3 35. c3 dxc3+ 36. Qxc3 Rc8 0-1


[Site "https://www.chess.com"]

[Event "Titled Tuesday Blitz December 14 2021"]
[White "Jeet, Jain"]
[Black "Nakamura, Hikaru"]
[WhiteFideId "5073022"]
[BlackFideId "2016192"]
[WhiteElo "2085"]
[BlackElo "2884"]
[Result "0-1"]
[Round "02"]
[TimeControl "180+1"]
[Date "2021.12.14"]
[WhiteClock "0:00:17"]
[BlackClock "0:01:56"]

1. e4 g6 2. d4 Bg7 3. Nc3 a6 4. f4 c6 5. Nf3 d5 6. e5 Bg4 7. h3 Bxf3 8. Qxf3 e6 9. Bd3 h5 10. O-O h4 11. Be3 Ne7 12. Ne2 Nd7 13. b3 Nf5 14. Bf2 Bf8 15. c4 Ba3 16. Rab1 a5 17. Nc3 Bb4 18. Ne2 Kf8 19. Rfc1 Kg7 20. Kh2 f6 21. cxd5 cxd5 22. Bxf5 gxf5 23. Qd3 Nb8 24. Ng1 fxe5 25. dxe5 Nc6 26. Nf3 Be7 27. Nd4 Qd7 28. Nxc6 bxc6 29. Bc5 Bd8 30. Rc2 Kf7 31. Rbc1 Qb7 32. Bf2 Rc8 33. Qd4 Be7 34. Qa7 Qxa7 35. Bxa7 Ba3 36. Rd1 c5 37. Bb6 Bb4 38. Rdc1 Rc6 39. a3 Bxa3 40. Ra1 Bb4 41. Bxa5 Ra8 42. Bxb4 Rxa1 43. Bxc5 Rb1 44. b4 Rxb4 0-1


[Site "https://www.chess.com"]

[Event "Titled Tuesday Blitz December 14 2021"]
[White "Jobava, Baadur"]
[Black "Petesch, Gabriel"]
[WhiteFideId "13601520"]
[BlackFideId "2032465"]
[WhiteElo "2689"]
[BlackElo "2374"]
[Result "0-1"]
[Round "02"]
[TimeControl "180+1"]
[Date "2021.12.14"]
[WhiteClock "0:00:27"]
[BlackClock "0:00:12"]

1. b3 b6 2. Bb2 Bb7 3. e3 Nc6 4. d4 e6 5. c4 Nf6 6. Nc3 Be7 7. Nf3 O-O 8. Bd3 Nb4 9. Bb1 d5 10. O-O c5 11. Qe2 Ne4 12. Rd1 cxd4 13. exd4 Nxc3 14. Bxc3 Nc6 15. Bd3 Rc8 16. Rac1 Ba3 17. Bb2 Bxb2 18. Qxb2 Qf6 19. h3 Rfd8 20. cxd5 Nb4 21. Be4 Qf4 22. Re1 Bxd5 23. g3 Qh6 24. Rxc8 Rxc8 25. Kg2 Bxe4 26. Rxe4 Rc2 27. Qb1 Qg6 28. Re1 Nd3 29. Qxc2 Nf4+ 30. Kg1 Qxc2 31. gxf4 Qxa2 32. Re3 Qc2 33. Kg2 f6 34. Rxe6 Kf7 35. Re7+ Kxe7 0-1


[Site "https://www.chess.com"]

[Event "Titled Tuesday Blitz December 14 2021"]
[White "Kamsky, Gata"]
[Black "Lewtak, Damian"]
[WhiteFideId "2000024"]
[BlackFideId "1141724"]
[WhiteElo "2645"]
[BlackElo "2203"]
[Result "1-0"]
[Round "02"]
[TimeControl "180+1"]
[Date "2021.12.14"]
[WhiteClock "0:00:46"]
[BlackClock "0:00:12"]

1. e4 b6 2. d4 Bb7 3. Bd3 e6 4. Nf3 g6 5. O-O Bg7 6. c3 Ne7 7. Re1 O-O 8. Nbd2 d6 9. Nf1 Nd7 10. Ng3 a5 11. a4 e5 12. Bb5 c6 13. Bf1 Qc7 14. Bg5 f6 15. Bd2 Rad8 16. Qb3+ Kh8 17. Rad1 d5 18. h4 c5 19. h5 dxe4 20. Nxe4 cxd4 21. cxd4 Bd5 22. Qa3 Nf5 23. dxe5 Nxe5 24. Nxe5 fxe5 25. hxg6 hxg6 26. Qh3+ Kg8 27. Ng5 Bf6 28. Ne4 Bxe4 29. Rxe4 Qh7 30. Qxh7+ Kxh7 31. Ree1 Rd4 32. Bc3 Rxa4 33. Bb5 Rf4 34. g3 Rg4 35. Rd7+ Kh6 36. Kg2 Nd4 37. Rh1+ Kg5 38. Bd3 e4 39. Rd5+ Nf5 40. Bd2+ 1-0


[Site "https://www.chess.com"]